Cogmind - Beta 17 @@@ ROGUE MODE // 2026.07.16 @ 21:48:33 Player: Back to the Scrapyard Result: Self-destructed Performance ------------- Evolutions (3) 1500 Regions Visited (6) 1200 Robots Destroyed (65) 325 Value Destroyed (2129) 2129 Prototype IDs (17) 340 Alien Tech Used (0) 0 Bonus (0) 0 TOTAL SCORE: 5494 Bonus ------- None Cogmind --------- Core Integrity 34/700 Matter 29/300 Energy 25/100 System Corruption 5% Temperature Cool (0) Movement Rolling (100) Location -7/Factory Parts ------- > --- POWER (1) -------- (None) > --- PROPULSION (3) --- Armored Huge Wheel > --- UTILITY (6) ------ Improved Heat Sink Coolant Injector (fused) Improved Targeting Computer (fused) Self-contained Transmogrifier > --- WEAPON (3) ------- Improved Grenade Launcher (fused) Improved Grenade Launcher (fused) Heavy Mace > --- INVENTORY (5) ---- Arc Projector Autogun Flak Gun Peak State ------------ > --- POWER ------------ Neutrino Core > --- PROPULSION ------- Armored Treads Advanced Treads Medium Treads > --- UTILITY ---------- Terrain Scan Processor Light Armor Plating Makeshift Thermal Plating Self-contained Transmogrifier > --- WEAPON ----------- Beam Rifle Heavy Laser Gauss Rifle > --- INVENTORY -------- Improved Treads Hacking Suite Powered Cannon Improved Grenade Launcher [Rating: 44] Favorites ----------- Power Ion Engine Engine Ion Engine Power Core Neutrino Core Propulsion Improved Treads Treads Improved Treads Leg Aluminum Leg Wheel Armored Huge Wheel Utility Self-contained Transmogrifier Device Self-contained Transmogrifier Storage Small Storage Unit Processor Terrain Scan Processor Hackware Hacking Suite Protection Scrap Shield Weapon Subdweller Beam Cannon Energy Gun Heavy Laser Energy Cannon Subdweller Beam Cannon Ballistic Gun Shotgun Ballistic Cannon Slug Cannon Launcher Improved Grenade Launcher Impact Weapon Heavy Mace Slashing Weapon Blade Saw Build | -11 -10 -10 -8 -7 -7 -7 ------- Run | Yrd Mat Sub Mat Fac Was Fac Slots Evolved 6 | . . . 4 2 . . Power . | . . . . . . . Propulsion 1 | . . . 1 . . . Utility 4 | . . . 2 2 . . Weapon 1 | . . . 1 . . . Parts Attached 64 | 8 3 10 25 4 . 14 Power 6 | 1 . 1 2 1 . 1 Engine 6 | 1 . 1 2 1 . 1 Core . | . . . . . . . Reactor . | . . . . . . . Propulsion 14 | 3 1 2 5 . . 3 Treads 11 | 1 1 2 5 . . 2 Leg 2 | 2 . . . . . . Wheel 1 | . . . . . . 1 Hover . | . . . . . . . Flight . | . . . . . . . Utility 16 | 2 . 2 5 2 . 5 Device 10 | 1 . 1 4 1 . 3 Storage 1 | 1 . . . . . . Processor . | . . . . . . . Hackware 1 | . . . . 1 . . Protection 4 | . . 1 1 . . 2 Artifact . | . . . . . . . Weapon 28 | 2 2 5 13 1 . 5 Energy Gun 7 | 1 . 1 4 . . 1 Energy Cannon 5 | . . 2 1 1 . 1 Ballistic Gun 10 | 1 2 2 5 . . . Ballistic Cannon 1 | . . . 1 . . . Launcher 2 | . . . 2 . . . Special Weapon . | . . . . . . . Impact Weapon 3 | . . . . . . 3 Slashing Weapon . | . . . . . . . Piercing Weapon . | . . . . . . . Special Melee Weapon . | . . . . . . . Unidentified Prototypes 2 | . . . 2 . . . Parts Lost 24 | . . . 14 3 1 6 Power 2 | . . . 1 . . 1 Propulsion 5 | . . . 3 . . 2 Utility 8 | . . . 4 1 1 2 Weapon 9 | . . . 6 2 . 1 Highest Loss Streak 5 | . . . 5 3 1 2 To Critical Strikes . | . . . . . . . Average Backups 4 | 3 7 4 3 1 2 3 Power . | . 1 . . . . . Propulsion 1 | 1 3 2 . . . . Utility . | . 1 . . . 1 1 Weapon 1 | 1 1 . 1 . . 1 Tool/Special . | . . . . . . . Unused Backups 14 | . 1 4 4 . . 5 Power 4 | . . 1 3 . . . Propulsion 2 | . . . 1 . . 1 Utility 2 | . . 1 . . . 1 Weapon 6 | . 1 2 . . . 3 Tool/Special . | . . . . . . . Average Slot Usage (%) 76 | . 100 88 80 30 11 46 Engine 8 | . 14 14 3 . . 4 Core 1 | . . . 3 . . . Treads 20 | . 25 28 22 . . 1 Device 10 | . 14 3 16 13 7 17 Storage 2 | . 14 3 . . . . Processor 1 | . . . 3 . . 3 Protection 7 | . . 10 8 1 3 3 Energy Gun 2 | . 2 . 8 . . . Energy Cannon 12 | . . 23 5 5 . 1 Ballistic Gun 5 | . 26 4 6 5 . . Launcher 1 | . . . . . . 7 Peak Build Rating 44 | 7 11 15 44 31 15 39 Average Rating 20 | 5 10 13 31 26 13 28 On Entrance 9 | . 7 11 15 11 13 11 Avg Prop Armor Cover (%) 5 | 10 . . 4 . . . Naked Turns . | . . . . . . . Heaviest Build 43 | 13 17 39 43 23 4 37 Greatest Support 90 | 20 43 46 73 3 3 90 Greatest Overweight (x) 12 | 1 . . 4 7 1 12 Average Overweight (x) . | . . . . 2 . 2 Largest Inventory Capacity 8 | 8 8 8 5 5 5 5 Average Capacity 5 | 7 8 5 5 5 5 5 Most Carried 8 | 5 8 8 5 4 5 5 Average Carried 4 | 4 7 5 4 1 3 3 Final Capacity 8 | 8 8 5 5 5 5 5 Final Carried 8 | 5 8 5 5 1 5 3 Transmogrified Parts 17 | . . . 12 1 . 4 Integrity Recovered 189 | . . . 179 6 . 4 Class Distribution -------------------- 41% | Mutant 33% | Subdweller-Mutant 13% | Scavenger-Tank 3% | Gunner Dominant Class ---------------- Mutant | -10/Materials Subdweller-Mutant | -10/Subcaves Scavenger-Tank | -8/Materials Skirmisher | -7/Factory Mutant | -7/Waste Mutant | -7/Factory Resources | -11 -10 -10 -8 -7 -7 -7 ----------- Run | Yrd Mat Sub Mat Fac Was Fac Matter Collected 1338 | 242 213 168 484 . . 231 Remotely . | . . . . . . . Salvage Created 2464 | 77 219 461 1555 . . 152 Parts 141 | 13 13 33 76 . . 6 Haulers Intercepted 3 | . . . 3 . . . Recyclers Shooed 1 | 1 . . . . . . Parts Field Recycled . | . . . . . . . Retrieved Matter . | . . . . . . . Parts Self-Destructed 7 | . . 7 . . . . Prevented . | . . . . . . . Parts Restored . | . . . . . . . Kills | -11 -10 -10 -8 -7 -7 -7 ------- Run | Yrd Mat Sub Mat Fac Was Fac Combat Hostiles Destroyed 47 | . 8 10 25 . . 4 Melee 1 | . . . . . . 1 Guns 22 | . 8 2 12 . . . Cannons 16 | . . 8 8 . . . AOE 5 | . . . 4 . . 1 Classes Destroyed 12 | 2 3 1 5 . . 1 Worker 3 | 1 . . 2 . . . Builder 4 | . . . 3 . . 1 Tunneler 3 | 3 . . . . . . Hauler 3 | . . . 3 . . . Recycler 3 | . . . 3 . . . Operator 2 | . 1 . 1 . . . Swarmer 3 | . 3 . . . . . Grunt 27 | . 5 . 20 . . 2 Sentry 5 | . . . 4 . . 1 Hunter 1 | . . . 1 . . . Programmer 1 | . . . . . . 1 Subdweller 10 | . . 10 . . . . Best Kill Streak 7 | 3 5 2 7 . . 2 Combat Bots Only 6 | . 5 2 6 . . 2 Max Kills in Single Turn 2 | 1 1 1 2 . . 1 Gunslinging 1 | . . . 1 . . . Exploded 1 | . . . 1 . . 1 Melee 1 | . . . . . . 1 Uniques/NPCs Destroyed . | . . . . . . . Combat | -11 -10 -10 -8 -7 -7 -7 -------- Run | Yrd Mat Sub Mat Fac Was Fac Hostile Shots Fired 408 | . 21 44 199 29 2 113 Missed 103 | . 5 12 46 9 . 31 Hits 305 | . 16 32 153 20 2 82 Melee 6 | . . . . 4 2 . Projectile 299 | . 16 32 153 16 . 82 Critical Strikes 18 | . . 2 10 3 2 1 Damage Taken 4818 | . 162 682 2418 389 90 1077 Core 1164 | . 28 67 403 93 90 483 Absorbed by Shields . | . . . . . . . Ignored by Resistances 142 | . . . 136 6 . . Core Remaining (%) 62 | 100 . 62 26 . . . Volleys Fired 185 | 11 15 43 100 2 . 14 Largest 3 | 2 2 2 3 1 . 2 Hottest 209 | 60 46 160 209 40 . 105 Shots Fired 338 | 22 30 67 199 2 . 18 Gun 215 | 22 30 13 140 . . 10 Cannon 108 | . . 54 51 2 . 1 Launcher 15 | . . . 8 . . 7 Special . | . . . . . . . Kinetic 123 | 11 30 13 69 . . . Thermal 199 | 11 . 54 122 2 . 10 Explosive 15 | . . . 8 . . 7 Electromagnetic 1 | . . . . . . 1 Robot Hit Streak 22 | 6 11 22 22 . . 9 Robot Miss Streak 6 | 3 3 2 6 2 . 3 Penetration Max 1 | . . . 1 . . . Secondary Targets 3 | . 1 1 1 . . . Max Gunslinging Chain 1 | . 1 1 1 . . . Shots Hit Robots 238 | 14 23 45 138 . . 18 Core Hits 110 | 6 15 14 70 . . 5 Critical Kills . | . . . . . . . Critical Parts Destroyed 1 | . . . . . . 1 Critical Strikes 5 | . . . 4 . . 1 Burn 4 | . . . 4 . . . Smash 1 | . . . . . . 1 Melee Attacks 7 | . . . . . . 7 Impact 7 | . . . . . . 7 Slashing . | . . . . . . . Piercing . | . . . . . . . Sneak Attacks . | . . . . . . . Combat Hostiles . | . . . . . . . Follow-up Attacks . | . . . . . . . Damage Inflicted 5662 | 151 356 1157 3219 4 . 775 Guns 2595 | 151 356 205 1730 . . 153 Cannons 1814 | . . 952 862 . . . Explosions 932 | . . . 615 . . 317 Melee 258 | . . . . . . 258 Ramming 63 | . . . 12 4 . 47 Kinetic 1414 | 75 356 205 778 . . . Thermal 2995 | 76 . 952 1814 . . 153 Explosive 932 | . . . 615 . . 317 Electromagnetic . | . . . . . . . Impact 258 | . . . . . . 258 Slashing . | . . . . . . . Piercing . | . . . . . . . Highest Corruption 5 | . . . . 3 3 5 Average Corruption 4 | . . . . 3 3 4 Corruption Purged . | . . . . . . . Corruption Blocked . | . . . . . . . Effects 21 | . . . . . 3 18 Message Errors 4 | . . . . . 2 2 Matter Fused 6 | . . . . . 1 5 Heat Flow Errors 3 | . . . . . . 3 Energy Discharges 1 | . . . . . . 1 Parts Rejected 1 | . . . . . . 1 Data Loss (minor) 4 | . . . . . . 4 Data Loss (major) 1 | . . . . . . 1 Misfires 1 | . . . . . . 1 Overload Shots . | . . . . . . . Overflow Damage 132 | . . . 6 . . 126 Projectiles 5 | . . . 5 . . . Explosions 33 | . . . 1 . . 32 Melee 94 | . . . . . . 94 Knockbacks 3 | . . . . . . 3 Impact 3 | . . . . . . 3 Kinetic . | . . . . . . . Secondary . | . . . . . . . Self-Inflicted Damage 292 | . . . 152 2 . 138 Shots 8 | . . . 5 . . 3 Rammed 18 | . . . 4 1 . 13 Targets Rammed 19 | . . . 5 1 . 13 Kicked . | . . . . . . . Crushed 1 | . . . 1 . . . Highest Temperature 736 | 40 2 195 736 15 . 189 Average Temperature 160 | 19 1 94 199 9 . 57 Received Heat Transfer 2265 | . 66 87 1440 180 . 492 Effects 28 | . . . 28 . . . Shutdowns 5 | . . . 5 . . . Energy Bleed 3 | . . . 3 . . . Interference 1 | . . . 1 . . . Matter Decay 2 | . . . 2 . . . Short Circuit 3 | . . . 3 . . . Damage (minor) 5 | . . . 5 . . . Damage (major) 8 | . . . 8 . . . Damage (core) 1 | . . . 1 . . . Siege Activations . | . . . . . . . Martial Activations . | . . . . . . . Shielding Activations . | . . . . . . . Robots Disrupted . | . . . . . . . Combat Hostiles . | . . . . . . . Robots Corrupted 2 | . . . . . . 2 Combat Hostiles 2 | . . . . . . 2 Parts Fried 2 | . . . . . . 2 Impact Corruptions 5 | . . . . . . 5 Robots Melted 1 | . . . 1 . . . Combat Hostiles 1 | . . . 1 . . . Parts Melted 10 | . . 3 7 . . . Heat Transferred 5668 | 175 . 1295 3848 . . 350 Parts Sabotaged . | . . . . . . . Parts Stolen . | . . . . . . . Parts Stripped . | . . . . . . . Power Chain Reactions . | . . . . . . . Alert | -11 -10 -10 -8 -7 -7 -7 ------- Run | Yrd Mat Sub Mat Fac Was Fac Maximum Alert Level 1 | . . . 1 . . . Low Security (%) 85 | 100 100 . 70 100 100 100 Level 1 14 | . . . 29 . . . Level 2 . | . . . . . . . Level 3 . | . . . . . . . Level 4 . | . . . . . . . Level 5 . | . . . . . . . High Security . | . . . . . . . Max Security . | . . . . . . . Peak Influence 263 | 10 131 . 263 80 1 50 Initial 80 | . 3 . . 80 1 . Average 78 | 1 49 . 137 48 . 10 Influence Increases 1168 | 20 191 . 761 7 . 189 Destroy 0b10 Robot/C 740 | . 160 . 500 . . 80 Destroy 0b10 Robot/NC 90 | 20 5 . 60 . . 5 Destroy Leader 166 | . 20 . 116 . . 30 Successful Hack 33 | . 6 . 22 5 . . Disable Machine 60 | . . . 15 . . 45 Destroy Structure 79 | . . . 48 2 . 29 Influence Decreases 1168 | 15 95 101 584 179 5 189 Entered New Map 152 | . 2 49 . 97 4 . Time Decay 830 | 15 93 52 444 52 1 173 Lost Part 186 | . . . 140 30 . 16 Squads Dispatched 9 | . 1 . 4 1 . 3 Investigation 3 | . . . 2 1 . . Extermination 1 | . . . . . . 1 Reinforcement 5 | . 1 . 2 . . 2 Assault . | . . . . . . . Garrison . | . . . . . . . Intercept . | . . . . . . . Searches Triggered . | . . . . . . . Construction Impeded . | . . . . . . . Haulers Reinforced . | . . . . . . . Active Scanning Responses . | . . . . . . . Cargo Convoy Interrupts . | . . . . . . . Stealth | -11 -10 -10 -8 -7 -7 -7 --------- Run | Yrd Mat Sub Mat Fac Was Fac Distress Signals 3 | . 1 . 1 . . 1 Communications Jammed . | . . . . . . . Distress Signals . | . . . . . . . Times Spotted 74 | . 9 10 34 4 6 11 Peak Tracking Total 6 | . 2 2 5 4 6 4 Tactical Retreats . | . . . . . . . Traps | -11 -10 -10 -8 -7 -7 -7 ------- Run | Yrd Mat Sub Mat Fac Was Fac Traps Triggered 5 | . . . 4 1 . . Indirectly . | . . . . . . . Trap Hack Attempts . | . . . . . . . Triggered . | . . . . . . . Disarmed . | . . . . . . . Reprogrammed . | . . . . . . . Reused . | . . . . . . . Traps Extracted . | . . . . . . . Installed . | . . . . . . . Triggered . | . . . . . . . Machines | -11 -10 -10 -8 -7 -7 -7 ---------- Run | Yrd Mat Sub Mat Fac Was Fac Machines Disabled 5 | . . 1 1 . . 3 Max in Single Turn 2 | . . 1 1 . . 2 Machines Repaired . | . . . . . . . Machines Dismantled . | . . . . . . . Machines Sabotaged . | . . . . . . . Overloaded Fab Kills . | . . . . . . . Hacking | -11 -10 -10 -8 -7 -7 -7 --------- Run | Yrd Mat Sub Mat Fac Was Fac Machines Accessed 8 | . 1 1 4 2 . . Terminals 5 | . 1 . 3 1 . . Fabricators . | . . . . . . . Repair Stations 1 | . . . . 1 . . Recycling Units . | . . . . . . . Scanalyzers 1 | . . . 1 . . . Garrison Access . | . . . . . . . Total Hacks 21 | . 3 1 11 6 . . Successful 8 | . 1 1 4 2 . . Failed 13 | . 2 . 7 4 . . Catastrophic 1 | . . . 1 . . . Database Lockouts . | . . . . . . . Manual 10 | . 3 . 7 . . . Terminals 12 | . 3 . 7 2 . . Fabricators . | . . . . . . . Repair Stations 4 | . . . . 4 . . Recycling Units . | . . . . . . . Scanalyzers 4 | . . . 4 . . . Garrison Access . | . . . . . . . Terminal Hacks 2 | . . 1 . 1 . . Open DSF 1 | . . . . 1 . . Proto ID Catalog 1 | . . 1 . . . . Fabricator Hacks . | . . . . . . . Repair Station Hacks 1 | . . . . 1 . . Scan Component 1 | . . . . 1 . . Recycling Unit Hacks . | . . . . . . . Scanalyzer 1 | . . . 1 . . . Insert Component 1 | . . . 1 . . . Garrison Access Hacks . | . . . . . . . Unauthorized Hacks 4 | . 1 . 3 . . . Terminals 4 | . 1 . 3 . . . Operators 2 | . 1 . 1 . . . Skim 2 | . . . 2 . . . Fabricators . | . . . . . . . Repair Stations . | . . . . . . . Recycling Units . | . . . . . . . Scanalyzers . | . . . . . . . Garrison Access . | . . . . . . . Data Cores Recovered . | . . . . . . . Used . | . . . . . . . Hacking Detections 6 | . 1 . 4 1 . . Full Trace Events 3 | . . . 2 1 . . Feedback Events . | . . . . . . . Feedback Blocked . | . . . . . . . Robot Schematics Acquired . | . . . . . . . Robots Built . | . . . . . . . Authchips . | . . . . . . . Time . | . . . . . . . Total Robot Build Rating . | . . . . . . . Part Schematics Acquired . | . . . . . . . Parts Built . | . . . . . . . Authchips . | . . . . . . . Time . | . . . . . . . Total Part Build Rating . | . . . . . . . Part Studies Acquired . | . . . . . . . Parts Repaired . | . . . . . . . Time . | . . . . . . . Parts Recycled . | . . . . . . . Recycled Matter . | . . . . . . . Retrieved Matter . | . . . . . . . Retrieved Components . | . . . . . . . Parts Scanalyzed 1 | . . . 1 . . . Part Schematics Acquired . | . . . . . . . Parts Damaged . | . . . . . . . Bothacking | -11 -10 -10 -8 -7 -7 -7 ------------ Run | Yrd Mat Sub Mat Fac Was Fac Used RIF Installer . | . . . . . . . Robots Hacked . | . . . . . . . Non-combat . | . . . . . . . Combat . | . . . . . . . Robot Hacks Applied . | . . . . . . . Relay Couplers Released . | . . . . . . . Fabnet Peak Effective % . | . . . . . . . Robots Rewired . | . . . . . . . Allies Hacked . | . . . . . . . Hacks Repelled . | . . . . . . . Allies | -11 -10 -10 -8 -7 -7 -7 -------- Run | Yrd Mat Sub Mat Fac Was Fac Total Allies . | . . . . . . . Largest Group . | . . . . . . . Highest-Rated Group . | . . . . . . . Highest-Rated Ally . | . . . . . . . Total Orders . | . . . . . . . Ally Attacks . | . . . . . . . Total Damage . | . . . . . . . Kills . | . . . . . . . Allies Corrupted . | . . . . . . . Allies Melted . | . . . . . . . Intel | -11 -10 -10 -8 -7 -7 -7 ------- Run | Yrd Mat Sub Mat Fac Was Fac Active Infowar (turns) 846 | 31 263 392 . 110 . 50 Structural 110 | . . . . 110 . . Seismic 686 | 31 263 392 . . . . ECM 50 | . . . . . . 50 Robot Analysis Total . | . . . . . . . Derelict Logs Recovered . | . . . . . . . Drone Launches . | . . . . . . . Drone Recoveries . | . . . . . . . Exploration | -11 -10 -10 -8 -7 -7 -7 ------------- Run | Yrd Mat Sub Mat Fac Was Fac Turns Passed 4148 | 117 263 1697 1216 130 76 649 Spaces Moved 2019 | 58 117 941 487 63 102 251 Core 378 | 13 . . 51 63 102 149 Treads 1551 | 2 110 941 436 . . 62 Legs 50 | 43 7 . . . . . Wheels 40 | . . . . . . 40 Hover . | . . . . . . . Flight . | . . . . . . . Fastest Speed 50 | 50 120 160 50 100 50 50 Average Speed 157 | 106 157 160 146 182 71 208 Slowest Speed 650 | 160 160 160 250 400 100 650 Overloaded Moves . | . . . . . . . Propulsion Burnouts . | . . . . . . . Robots Hopped . | . . . . . . . Potential Cave-ins . | . . . . . . . Cave-ins Triggered . | . . . . . . . Exploration Rate (%) 26 | 4 21 47 36 2 70 5 Regions Visited 6 Branch Regions 1 Pre-discovered Areas 1 | . . 1 . . . . Known Exits Taken . | . . . . . . . Unknown Exits Taken 4 | 1 1 1 1 . . . Scrap Searched . | . . . . . . . Spaces Dug . | . . . . . . . Terrain Destroyed 103 | . . 4 60 2 . 37 Melee . | . . . . . . . Projectile 10 | . . 4 4 2 . . AOE 93 | . . . 56 . . 37 Terrain Rammed . | . . . . . . . Walls Destroyed . | . . . . . . . Machines Disabled . | . . . . . . . Actions | -11 -10 -10 -8 -7 -7 -7 --------- Run | Yrd Mat Sub Mat Fac Was Fac Total 2677 | 91 170 1067 823 75 104 347 Wait 262 | 7 18 42 165 2 . 28 Move 2014 | 57 116 940 486 63 101 251 Hop . | . . . . . . . Pick Up 65 | 8 9 8 20 2 3 15 Fast Attach 20 | 4 1 3 11 . . 1 Attach 42 | 3 4 . 16 5 . 14 Detach . | . . . . . . . Swap 13 | 1 . 8 3 . . 1 Drop 43 | . 7 16 17 . . 3 Fire 185 | 11 15 43 100 2 . 14 Melee 7 | . . . . . . 7 Ram 14 | . . . . 1 . 13 Kick . | . . . . . . . Crush 5 | . . . 5 . . . Escape Stasis . | . . . . . . . Rewire . | . . . . . . . Trap . | . . . . . . . Miscellaneous 7 | . . 7 . . . . Route ------- -11/Scrapyard -10/Materials (discovered 2 exits: [*Mat] / *Sub) -10/Subcaves -8/Materials (discovered 2 exits: *Fac / [*Sto]) -7/Factory -7/Waste -7/Factory History --------- Turn | Location | Event 10 | -11/Scrapyard | Discovered new exit (range 16) 118 | -11/Scrapyard | Entered Materials 303 | -10/Materials | Build established: Mutant 335 | -10/Materials | Discovered new exit (range 5) 362 | -10/Materials | Discovered new exit (range 13) 381 | -10/Materials | Entered Subcaves 382 | -10/Subcaves | Approached by a straggling Scientist 739 | -10/Subcaves | Shifting Twisted Machinery released Sub. Shrapnel Launcher 740 | -10/Subcaves | Shifting Twisted Machinery released Sub. Beam Cannon 971 | -10/Subcaves | Shifting Twisted Machinery released Battle Rifle 971 | -10/Subcaves | Learned location of Zion (-7) 971 | -10/Subcaves | Met a Zionite searching for "candidates" 999 | -10/Subcaves | Shifting Twisted Machinery released Sub. Shrapnel Launcher 1044 | -10/Subcaves | Build established: Subdweller-Mutant 1181 | -10/Subcaves | Visited 4L-MR0's lab 1198 | -10/Subcaves | Found Prototype Device 1317 | -10/Subcaves | Shifting Twisted Machinery released Shrapnel Trap 1425 | -10/Subcaves | Found Powered Cannon 1998 | -10/Subcaves | Discovered new exit (range 15) 2078 | -10/Subcaves | Entered Materials 2078 | -8/Materials | Evolved 4 slots: Propulsion x1, Utility x2, Weapon x1 2289 | -8/Materials | Identified Sfc. Transmogrifier 2491 | -8/Materials | Discovered new exit (range 15) 2650 | -8/Materials | Discovered new exit (range 10) 2810 | -8/Materials | Build established: Scavenger-Tank 2867 | -8/Materials | Lost 5 parts (1p1u3w) 2884 | -8/Materials | Core integrity fell below 50% 2931 | -8/Materials | Lost 3 parts (2n1w) 3294 | -8/Materials | Entered Factory 3294 | -7/Factory | Evolved 2 slots: Utility x2 3296 | -7/Factory | Attached Powered Cannon, gained temporary slot: Power 3301 | -7/Factory | Lost 3 parts (2u1w) 3424 | -7/Factory | Sucked down chute 3424 | -7/Factory | Entered Waste 3440 | -7/Waste | Lost 3 parts (1u2w) 3452 | -7/Waste | Spotted C-40 Crusher 3455 | -7/Waste | Spotted C-40 Crusher 3464 | -7/Waste | Spotted C-40 Crusher 3466 | -7/Waste | Spotted C-40 Crusher 3466 | -7/Waste | Spotted C-40 Crusher 3469 | -7/Waste | Crushed by Compactor (1 part destroyed) 3475 | -7/Waste | Spotted C-40 Crusher 3493 | -7/Waste | Discovered new exit (range 11) 3500 | -7/Waste | Entered Factory 3584 | -7/Factory | Core integrity fell below 50% 3675 | -7/Factory | Build established: Mutant 3730 | -7/Factory | Core integrity fell below 20% 4149 | -7/Factory | Self-destructed Last Messages --------------- 04083_ ALERT: Cargo convoy en route, clear transfer corridor. 04088_ Dropped Imp. Terrain Scanner. 04088_ Acquired Arm. Huge Wheel. 04091_ Subcomponent Replicator disabled. 04091_ Imp. Light Armor Plating destroyed. 04091_ Destroyed Imp. Light Armor Plating. 04091_ O-24 Administrator: "IFF HANDSHAKE FAILED. SECURING TERMINAL." 04095_ Acquired Shield Generator. 04115_ ALERT: Hostiles spotted, dispatching reinforcements to Terminal F014. 04119_ Acquired Flak Gun. 04124_ System corrupted: Component data lost. 04139_ Dropped Imp. EM Pulse Cannon. 04142_ System corrupted: Matter fused (-6). 04147_ Slug penetrates Pressure Siphon. 04147_ Pressure Siphon disabled. 04147_ Shield Generator destroyed. 04148_ Acquired 5 matter. Map ----- +----------------------------------------------------+ | ???????????????# #??????????? | | ???????????????# "" "" #??????????? | | ???????????????# "" "" #??????????? | | ???????????????# """ """ ######?????? | | ???????????????# """ """ + #?????? | | ???????????????# " ######?????? | | ???????????????# !#??????????? | | ???????? + = #??????????? | | ??????????####+### ###??????????? | | ??????????# ! # # #????????????? | | ??????????+ ### ###????????????? | | ??????????# ]][ !#?# #??????????????? | | ???????#??# ][[ #?# #??????????????? | | ???????# ?# ][k #?# #??????????????? | | ???????# ?# s #?# #??????????????? | | ???????# #####/##### #??????????????? | | ???????# #??????????????? | | ???????# s#######??????????????? | | ????#### """ #????????????????????? | | ????# "Y" #????????????????????? | | ????# " "s #????????????????????? | | ????# #????????????????????? | | ????#+## #????????????????????? | | ???????# !#????????????????????? | | ???????# ] #????????????????????? | | ???????# ""@ #????????????????????? | | ???????# """h #????????????????????? | | ???????# """ #????????????????????? | | ???????# """ #???????????????????? | | ???????+ #???????????????????? | | ???????# #???????????????????? | | ???????### #???????????????????? | | ?????????# #???????????????????? | | ?????????# #???????????????????? | | ?????????# #???????????????????? | | ?????????? #???????????????????? | | ??????????+## #???????????????????? | | ?????????? ?? #???????????????????? | | ????????????? ???????????????????? | | ????????????? ???????????????????? | | ????????????? ????????????????????? | | ????????????????????????????????????? | | ????????????????????????????????????? | | ????????????????????????????????????? | | ????????????????????????????????????? | | ????????????????????????????????????? | | ????????????????????????????????????? | | ????????????????????????????????????? | | ????????????????????????????????????? | | ????????????????????????????????????? | +----------------------------------------------------+ Best States ------------- Heat Dissipation 65 Coolant Potential 65 Energy Generation 19 Energy Capacity 315 Matter Stores 300 Matter Capacity 300 Sight Range 16 Terrain Scan Density 85 ECM Strength 2 Armor Coverage 800 Resistance: TH 10 Evasion (%) 55 Targeting Accuracy 6 Recoil Reduction 3 Offensive Hacking 10 Item Schematics ----------------- None Robot Schematics ------------------ None Fabricated ------------ Nothing Repaired ---------- Nothing Studied --------- None Alien Tech Used ----------------- None Achievements -------------- None Challenges ------------ None Game ------ Seed PropulsionLauncherEdition Manual? 0 Play Time 00:33:34 Cumulative 394.3 hours Start 2026.07.16 @ 21:14:39 End 2026.07.16 @ 21:48:33 Sessions 1 Manual Loads 0 Difficulty Rogue Special Mode None Game No. 540 Rogue 522 Adventurer 18 Explorer 0 Win Type - Total 1 Types 1/0/0/0/0/0/0/0/0/0 Lore% 55 Gallery% 59 Achievement% 47 Wizard Run 0 Options --------- Layout 1 ASCII 0 Keyboard 0 Movement Mouse Keybinds 0 Fullscreen 1 Font 24/Smallcaps Map View 50x40 Zoom Use 0% Tactical HUD 1 Map Filters NONE Filters NONE Steam 1 RUN: 77f5aa92-e4a4-4f98-b4c2-d65221cd5260